 Dungeon Crawl Stone Soup version 0.30-a0-722-g3e6e8c874d (webtiles) character file.

Game seed: 8440142478240112166

76 bmack86 the Shield-Bearer (level 4, -4/40 HPs)
             Began as a Minotaur Fighter on Jan 28, 2023.
             Killed from afar by an orc wizard (6 damage)
             ... with a magic dart
             ... on level 2 of the Dungeon.
             The game lasted 00:01:54 (1140 turns).

bmack86 the Shield-Bearer (Minotaur Fighter)        Turns: 1140, Time: 00:01:55

Health: -4/40      AC:  9    Str: 23    XL:     4   Next: 12%
Magic:  3/3        EV:  7    Int:  5    God:
Gold:   40         SH:  4    Dex:  9    Spells: 3/3 levels left

rFire   . . .      SeeInvis .    a - +0 war axe
rCold   . . .      Faith    .    c - +0 buckler
rNeg    . . .      Spirit   .    h - +0 chain mail
rPois   .          Reflect  .    (helmet restricted)
rElec   .          Harm     .    (no cloak)
rCorr   .          Rampage  .    (no gloves)
Will    .....                    (no boots) Stlth
                                 (no amulet)
HPRegen 0.26/turn                (no ring)
MPRegen 0.08/turn                (no ring)

@: no status effects
A: horns 2, retaliatory headbutt
a: no special abilities


You were on level 2 of the Dungeon.
You visited 1 branch of the dungeon, and saw 2 of its levels.

You collected 40 gold pieces.

Inventory:

Hand Weapons
 a - a +0 war axe (weapon)
Armour
 b - a +0 scale mail
 c - a +0 buckler (worn)
 h - a +0 chain mail (worn)
Scrolls
 f - a scroll of torment {unknown}
Potions
 d - 2 potions of might
 e - a potion of invisibility {unknown}
 g - a potion of heal wounds {unknown}
 i - 2 potions of berserk rage {unknown}


   Skills:
 + Level 4.2 Fighting
 * Level 3.9 Axes
 + Level 4.2 Armour
 + Level 4.2 Shields


You had 3 spell levels left.
You didn't know any spells.
Your spell library was empty.

Dungeon Overview and Level Annotations

Branches:
Dungeon (2/15)

Altars:


Innate Abilities, Weirdness & Mutations

You have a pair of horns on your head.
You reflexively headbutt those who attack you in melee.


Message History

You are confused.
You closely miss something. Something hits you but does no damage.
You completely miss something. Something hits you.
* * * LOW HITPOINT WARNING * * *
You bump into the rock wall.
Something hits you but does no damage.
You barely miss something. Your headbutt misses something.
Something hits you but does no damage. Something hits you.
* * * LOW HITPOINT WARNING * * *
You're too confused to move!
You feel less confused. Something hits you but does no damage.
You barely miss something.
You hear some strange, mumbled words.
You are confused.
Something hits you but does no damage.
You bump into the rock wall.
An orc wizard appears from thin air!
Reactivating autopickup.
The orc wizard gestures at you while chanting.
The magic dart hits you.
* * * LOW HITPOINT WARNING * * *
You bump into the rock wall.
The orc wizard hits you with a +0 dagger.
* * * LOW HITPOINT WARNING * * *
You closely miss the orc. You hit the orc wizard.
The orc hits you with a +0 dagger.
* * * LOW HITPOINT WARNING * * *
The orc wizard hits you with a +0 dagger.
* * * LOW HITPOINT WARNING * * *
You bump into the rock wall.
The orc hits you with a +0 dagger.
* * * LOW HITPOINT WARNING * * *
The orc wizard hits you but does no damage.
You barely miss the orc wizard. You headbutt the orc wizard.
The orc wizard is almost dead.
You closely miss the orc.
You feel less confused. You block the orc's attack.
You block the orc wizard's attack. The orc hits you but does no damage.
The orc wizard casts a spell at you. The magic dart hits you.
You die...

###### .....#
####.# .....##
###...# #.#.#
##.#<############
#.............o@#
##..#.##########o#
......# #o#
.##...### #.#
.)......# #.#
.##...#.# #<.
.##...#.# #..
......# # #..
.....## ##.#


You could see an orc wizard and 2 orcs.

Vanquished Creatures
  An orc wizard (D:2)
  Terence (D:2)
  2 adders (D:2)
  A dart slug (D:1)
  An orc (D:2)
  A bat (D:2)
  3 endoplasms
  A giant cockroach (D:2)
  2 hobgoblins (D:1)
  3 kobolds (D:2)
  2 quokkas (D:2)
  4 ball pythons
  A frilled lizard (D:1)
  3 rats
26 creatures vanquished.

Notes
Turn   | Place    | Note
-------+----------+-------------------------------------------
     0 | D:1      | bmack86 the Minotaur Fighter began the quest for the Orb.
     0 | D:1      | Reached XP level 1. HP: 19/19 MP: 0/0
   465 | D:1      | Reached XP level 2. HP: 27/27 MP: 1/1
   612 | D:1      | Found a faded altar of an unknown god.
   844 | D:2      | Reached XP level 3. HP: 28/33 MP: 2/2
   999 | D:2      | Noticed Terence
  1005 | D:2      | Killed Terence
  1106 | D:2      | Reached XP level 4. HP: 35/40 MP: 3/3
  1139 | D:2      | HP: 2/40 [orc/+0 dagger (2)]
  1140 | D:2      | Killed from afar by an orc wizard

Illustrated notes

Levels and vault maps discovered:
D:1:      minmay_arrival_open_corners, layout_loops_ring,
          shapermc_ecumenical_altar_mp_vishouse, grunt_decor_resistance
D:2:      layout_loops_ring, uniq_terence

Skill      XL: |  1  2 |
---------------+-------+-----
Axes           | 3 |  3.9
Fighting       | 4 |  4.2
Armour         | 4 |  4.2
Shields        | 4 |  4.2

Action                     |  1- 3 |  4- 6 || total
---------------------------+-------+-------++-------
  Melee: War axe           |    64 |    28 ||    92
         Headbutt          |    12 |     1 ||    13
 Armour: Scale mail        |    10 |       ||    10
         Chain mail        |    26 |    20 ||    46
  Dodge: Dodged            |    31 |       ||    31
  Block: Buckler           |    13 |     4 ||    17

Table legend: (Time is in decaauts)
 A = Elapsed time spent in this place.
 B = Non-inter-level travel time spent in this place.
 C = Inter-level travel time spent in this place.
 D = Time resting spent in this place.
 E = Time spent auto-exploring this place.
 F = Levels seen in this place.
 G = Mean time per level.
                   A        B        C        D        E       F      G
               +--------+--------+--------+--------+--------+-----+--------+
         Total |   1174 |   1154 |     20 |      0 |    877 |   2 |  587.0 |
       Dungeon |   1174 |   1154 |     20 |      0 |    877 |   2 |  587.0 |
               +--------+--------+--------+--------+--------+-----+--------+

Top non-repeatable levels by time:
     D:1: 640 daAuts
     D:2: 533 daAuts
